BSA
BOSTON REBELS @ HENDERSONVILLE HITMEN
06/13/2024
 
TOP OF THE 1ST
Boston Rebels batting - Pitching for Hendersonville Hitmen : RHP Carlos Hernández
Pitching: RHP Carlos Hernández
Batting: LHB Bill Wilson 0-0: Called Strike
0-1: SINGLE (Line Drive, 8LS)
Batting: SHB Álex Rosado 0-0: Foul Ball, location: 2F
0-1: Ball
1-1: Ball
2-1: Ball
3-1: Base on Balls
Bill Wilson to second
Batting: LHB Bill Wilson 0-0: SINGLE (Line Drive, 6MD)
Bill Wilson to third
Álex Rosado to second
Runner from 3rd tries for Home, SAFE, throw made home
Batting: SHB Javier Villegas 0-0: Ball
1-0: Ball
2-0: Grounds into double play, U4-3 (Groundball, 4)
Álex Rosado to third
Batting: LHB Jeff Gordon 0-0: Ball
1-0: Ball
2-0: Called Strike
2-1: Foul Ball, location: 2F
2-2: Strikes out swinging
Top of the 1st over - 1 run(s), 2 hit(s), 0 error(s), 1 left on base; Boston 1 - Hendersonville 0
BOTTOM OF THE 1ST
Hendersonville Hitmen batting - Pitching for Boston Rebels : LHP José Hidalgo
Pitching: LHP José Hidalgo
Batting: RHB Carlos García 0-0: Called Strike
0-1: Ball
1-1: Foul Ball, location: 2F
1-2: Strikes out swinging
Batting: RHB Rafael González 0-0: Ball
1-0: Ground out 5-3 (Groundball, 5)
Batting: RHB Manolo Román 0-0: Called Strike
0-1: Ball
1-1: DOUBLE (Groundball, 5L)
Batting: LHB Lorenzo Villa 0-0: Called Strike
0-1: Foul Ball, location: 2F
0-2: Ball
1-2: Foul Ball, location: 2F
1-2: Foul Ball, location: 2F
1-2: Foul Ball, location: 2F
1-2: Ball
2-2: Foul Ball, location: 2F
2-2: Ground out 4-3 (Groundball, 4)
Bottom of the 1st over - 0 run(s), 1 hit(s), 0 error(s), 1 left on base; Boston 1 - Hendersonville 0
TOP OF THE 2ND
Boston Rebels batting - Pitching for Hendersonville Hitmen : RHP Carlos Hernández
Batting: RHB Ronnie Brown 0-0: Ball
1-0: Ball
2-0: Swinging Strike
2-1: Fly out, F4 (Popup, 4)
Batting: LHB Stanley Mullins 0-0: Foul Ball, location: 2F
0-1: Foul Ball, location: 2F
0-2: Strikes out looking
Batting: LHB Tony Ramírez 0-0: Ball
1-0: DOUBLE (Flyball, 9D)
Batting: RHB Rubén Matos 0-0: Ball
1-0: DOUBLE (Flyball, 9LS)
Tony Ramírez scores
Batting: LHB Bill Wilson 0-0: Called Strike
0-1: SINGLE (Line Drive, 4M)
Rubén Matos to third
Runner from 3rd tries for Home, SAFE, no throw or cutoff
Batting: SHB Álex Rosado 0-0: Fielders Choice at 2nd, 6-4 (Groundball, 6MS)
Top of the 2nd over - 2 run(s), 3 hit(s), 0 error(s), 0 left on base; Boston 3 - Hendersonville 0
BOTTOM OF THE 2ND
Hendersonville Hitmen batting - Pitching for Boston Rebels : LHP José Hidalgo
Batting: RHB Robert Buckley 0-0: Fly out, F9 (Flyball, 89M)
Batting: LHB Terry White 0-0: Ball
1-0: Ball
2-0: Called Strike
2-1: Ball
3-1: Foul Ball, location: 2F
3-2: Strikes out swinging
Batting: SHB Tony López 0-0: Ground out 6-3 (Groundball, 6M)
Bottom of the 2nd over - 0 run(s), 0 hit(s), 0 error(s), 0 left on base; Boston 3 - Hendersonville 0
TOP OF THE 3RD
Boston Rebels batting - Pitching for Hendersonville Hitmen : RHP Carlos Hernández
Batting: LHB Bill Wilson 0-0: Called Strike
0-1: SOLO HOME RUN (Flyball, 9D), Distance : 392 ft
Batting: SHB Javier Villegas 0-0: Ball
1-0: Swinging Strike
1-1: Swinging Strike
1-2: Strikes out swinging
Batting: LHB Jeff Gordon 0-0: Called Strike
0-1: Ball
1-1: Swinging Strike
1-2: Strikes out looking
Batting: RHB Ronnie Brown 0-0: Ball
1-0: Called Strike
1-1: Foul Ball, location: 2F
1-2: DOUBLE (Flyball, 9M)
Batting: LHB Stanley Mullins 0-0: Ball
1-0: Called Strike
1-1: Ball
2-1: Ball
3-1: Base on Balls
Batting: LHB Tony Ramírez 0-0: Ground out 5-3 (Groundball, 5L)
Top of the 3rd over - 1 run(s), 2 hit(s), 0 error(s), 2 left on base; Boston 4 - Hendersonville 0
BOTTOM OF THE 3RD
Hendersonville Hitmen batting - Pitching for Boston Rebels : LHP José Hidalgo
Batting: RHB Taylor McFarland 0-0: Called Strike
0-1: Fly out, F8 (Flyball, 8RM)
Batting: RHB Robert Bly 0-0: Ball
1-0: Fly out, F4 (Popup, 9LS)
Batting: RHB Carlos García 0-0: Ball
1-0: Fly out, F8 (Line Drive, 8LM)
Bottom of the 3rd over - 0 run(s), 0 hit(s), 0 error(s), 0 left on base; Boston 4 - Hendersonville 0
TOP OF THE 4TH
Boston Rebels batting - Pitching for Hendersonville Hitmen : RHP Carlos Hernández
Batting: RHB Rubén Matos 0-0: Ground out 6-3 (Groundball, 6)
Batting: LHB Bill Wilson 0-0: Ball
1-0: Called Strike
1-1: Ball
2-1: Ball
3-1: Base on Balls
Batting: SHB Álex Rosado 0-0: Called Strike
Bill Wilson is caught stealing 2nd base
0-1: Foul Ball, location: 2F
0-2: SINGLE (Line Drive, 8LS)
Batting: LHB Bill Wilson 0-0: Foul Ball, location: 2F
Pickoff Throw to First - Out!
Top of the 4th over - 0 run(s), 1 hit(s), 0 error(s), 0 left on base; Boston 4 - Hendersonville 0
BOTTOM OF THE 4TH
Hendersonville Hitmen batting - Pitching for Boston Rebels : LHP José Hidalgo
Batting: RHB Rafael González 0-0: Ball
1-0: Ball
2-0: Foul Ball, location: 2F
2-1: Called Strike
2-2: Ball
3-2: Base on Balls
Batting: RHB Manolo Román 0-0: Called Strike
0-1: Swinging Strike
0-2: Ball
Wild Pitch!
Rafael González to second
1-2: Foul Ball, location: 2F
1-2: Strikes out swinging
Batting: LHB Lorenzo Villa 0-0: Called Strike
0-1: Foul Ball, location: 2F
0-2: Ball
1-2: Ball
2-2: SINGLE (Groundball, 5D)
Rafael González to third
Runner from 3rd tries for Home, SAFE, no throw or cutoff
Batting: RHB Robert Buckley 0-0: Called Strike
0-1: Ball
1-1: Ball
2-1: Foul Ball, location: 2F
2-2: Foul Ball, location: 2F
2-2: Foul Ball, location: 2F
2-2: Fly out, F8 (Flyball, 8LM)
Batting: LHB Terry White 0-0: Called Strike
0-1: Ball
1-1: Foul Ball, location: 2F
1-2: Strikes out swinging
Bottom of the 4th over - 1 run(s), 1 hit(s), 0 error(s), 1 left on base; Boston 4 - Hendersonville 1
TOP OF THE 5TH
Boston Rebels batting - Pitching for Hendersonville Hitmen : RHP Carlos Hernández
Batting: LHB Bill Wilson 0-0: Ball
1-0: Swinging Strike
1-1: Called Strike
1-2: Ball
2-2: SINGLE (Flyball, 9S)
Batting: SHB Javier Villegas 0-0: Ball
1-0: SINGLE (Line Drive, 56D)
Bill Wilson to second
Batting: LHB Jeff Gordon 0-0: Ball
1-0: Called Strike
1-1: Foul Ball, location: 2F
1-2: Ball
2-2: Ball
3-2: DOUBLE (Line Drive, 8RXD)
Bill Wilson scores
Javier Villegas to third
Batting: RHB Ronnie Brown 0-0: Called Strike
0-1: Foul Ball, location: 2F
0-2: Ball
1-2: Foul Ball, location: 2F
1-2: Ground out 1-3 (Groundball, 13)
Batting: LHB Stanley Mullins 0-0: Called Strike
0-1: Ground out 4-3 (Groundball, 4)
Javier Villegas scores
Jeff Gordon to third
Batting: LHB Tony Ramírez 0-0: Called Strike
0-1: Called Strike
0-2: Foul Ball, location: 2F
0-2: Ground out 1-3 (Groundball, 15)
Top of the 5th over - 2 run(s), 3 hit(s), 0 error(s), 1 left on base; Boston 6 - Hendersonville 1
BOTTOM OF THE 5TH
Hendersonville Hitmen batting - Pitching for Boston Rebels : LHP José Hidalgo
Batting: SHB Tony López 0-0: Ball
1-0: Ball
2-0: Called Strike
2-1: Ground out 5-3 (Groundball, 56)
Batting: RHB Taylor McFarland 0-0: Called Strike
0-1: Ground out 4-3 (Groundball, 4)
Batting: RHB Robert Bly 0-0: Swinging Strike
0-1: Ball
1-1: Swinging Strike
1-2: Ball
2-2: Ground out 6-3 (Groundball, 6M)
Bottom of the 5th over - 0 run(s), 0 hit(s), 0 error(s), 0 left on base; Boston 6 - Hendersonville 1
TOP OF THE 6TH
Boston Rebels batting - Pitching for Hendersonville Hitmen : RHP Carlos Hernández
Batting: RHB Rubén Matos 0-0: Ball
1-0: Called Strike
1-1: Foul Ball, location: 2F
1-2: Ball
2-2: Ball
3-2: Foul Ball, location: 2F
3-2: Base on Balls
Batting: LHB Bill Wilson 0-0: Grounds into double play, 6-4-3 (Groundball, 6)
Batting: SHB Álex Rosado 0-0: Ball
1-0: Ball
2-0: Called Strike
2-1: Fly out, F5 (Popup, 5SF)
Top of the 6th over - 0 run(s), 0 hit(s), 0 error(s), 0 left on base; Boston 6 - Hendersonville 1
BOTTOM OF THE 6TH
Hendersonville Hitmen batting - Pitching for Boston Rebels : LHP José Hidalgo
Batting: RHB Carlos García 0-0: Ball
1-0: Ball
2-0: Ground out 6-3 (Groundball, 6)
Batting: RHB Rafael González 0-0: Reached on Error, E7 (Flyball, 78M)
Batting: RHB Manolo Román 0-0: Ball
1-0: SINGLE (Groundball, 6M)
Rafael González to second
Batting: LHB Lorenzo Villa 0-0: Foul Ball, location: 2F
0-1: Called Strike
0-2: Grounds into double play, 4-6-3 (Groundball, 4M)
Bottom of the 6th over - 0 run(s), 1 hit(s), 1 error(s), 1 left on base; Boston 6 - Hendersonville 1
TOP OF THE 7TH
Boston Rebels batting - Pitching for Hendersonville Hitmen : RHP Carlos Hernández
Batting: LHB Bill Wilson 0-0: Called Strike
0-1: Ball
1-1: Swinging Strike
1-2: Foul Ball, location: 2F
1-2: Strikes out looking
Batting: SHB Javier Villegas 0-0: Ball
1-0: Swinging Strike
1-1: SINGLE (Line Drive, 4M)
Pitching: LHP Alfonso Ramos
Batting: LHB Jeff Gordon 0-0: Ball
1-0: Swinging Strike
1-1: Fly out, F4 (Popup, 4MD)
Batting: RHB Ronnie Brown 0-0: Ball
1-0: Ball
2-0: Foul Ball, location: 2F
2-1: Foul Ball, location: 2F
2-2: Ball
3-2: Fly out, F3 (Popup, 3S)
Top of the 7th over - 0 run(s), 1 hit(s), 0 error(s), 1 left on base; Boston 6 - Hendersonville 1
BOTTOM OF THE 7TH
Hendersonville Hitmen batting - Pitching for Boston Rebels : LHP José Hidalgo
Batting: RHB Robert Buckley 0-0: Ball
1-0: Called Strike
1-1: SINGLE (Groundball, 56)
Batting: LHB Terry White 0-0: Ball
1-0: Called Strike
1-1: Foul Ball, location: 2F
1-2: Foul Ball, location: 2F
1-2: Grounds into double play, 6-4-3 (Groundball, 6M)
Batting: SHB Tony López 0-0: Called Strike
0-1: Called Strike
0-2: Ball
1-2: Reached on error, E5 (Groundball, 56)
Batting: RHB Taylor McFarland 0-0: Called Strike
0-1: SINGLE (Groundball, 4M)
Tony López to second
Runner from 2nd tries for 3rd, SAFE, throw made to third
Batting: RHB Robert Bly 0-0: Ball
1-0: Called Strike
Taylor McFarland steals 2nd base
1-1: SINGLE (Line Drive, 6MD)
Tony López scores
Taylor McFarland to third
Runner from 3rd tries for Home, SAFE, no throw or cutoff
Batting: RHB Carlos García 0-0: Called Strike
0-1: Ground out 6-3 (Groundball, 56D)
Bottom of the 7th over - 2 run(s), 3 hit(s), 1 error(s), 1 left on base; Boston 6 - Hendersonville 3
TOP OF THE 8TH
Boston Rebels batting - Pitching for Hendersonville Hitmen : LHP Alfonso Ramos
Batting: LHB Stanley Mullins 0-0: Ball
1-0: Called Strike
1-1: Swinging Strike
1-2: Strikes out looking
Batting: LHB Tony Ramírez 0-0: Ball
1-0: Ground out 4-3 (Groundball, 4)
Batting: RHB Rubén Matos 0-0: Called Strike
0-1: Foul Ball, location: 2F
0-2: Ball
1-2: Ball
2-2: Foul Ball, location: 2F
2-2: Foul Ball, location: 2F
2-2: Ball
3-2: Foul Ball, location: 2F
3-2: Strikes out swinging
Top of the 8th over - 0 run(s), 0 hit(s), 0 error(s), 0 left on base; Boston 6 - Hendersonville 3
BOTTOM OF THE 8TH
Hendersonville Hitmen batting - Pitching for Boston Rebels : LHP José Hidalgo
Pitching: LHP Yoshihiro Hasegawa
Batting: RHB Rafael González 0-0: Called Strike
0-1: Ball
1-1: Foul Ball, location: 2F
1-2: Ball
2-2: Ball
3-2: Foul Ball, location: 2F
3-2: Ground out 6-3 (Groundball, 6M)
Batting: RHB Manolo Román 0-0: Called Strike
0-1: Ball
1-1: Ball
2-1: Foul Ball, location: 2F
2-2: Foul Ball, location: 2F
2-2: Foul Ball, location: 2F
2-2: Ball
3-2: Base on Balls
Batting: LHB Lorenzo Villa 0-0: Ball
1-0: Foul Ball, location: 2F
1-1: Ball
2-1: Reached on error, E4 (Groundball, 4)
Manolo Román to second
Pitching: RHP Alberto Bonilla
Batting: RHB Robert Buckley 0-0: Ball
1-0: Swinging Strike
1-1: Fly out, F7 (Flyball, 7LM)
Pitching: LHP António Alvarado
Batting: LHB Terry White 0-0: Ball
1-0: Called Strike
1-1: Ball
2-1: Fly out, F8 (Flyball, 78XD)
Bottom of the 8th over - 0 run(s), 0 hit(s), 1 error(s), 2 left on base; Boston 6 - Hendersonville 3
TOP OF THE 9TH
Boston Rebels batting - Pitching for Hendersonville Hitmen : LHP Alfonso Ramos
Batting: LHB Bill Wilson 0-0: Ball
1-0: Called Strike
1-1: Fly out, F7 (Flyball, 7D)
Batting: SHB Álex Rosado 0-0: Ball
1-0: Called Strike
1-1: Swinging Strike
1-2: Strikes out swinging
Batting: LHB Bill Wilson 0-0: Swinging Strike
0-1: Ball
1-1: Foul Ball, location: 2F
1-2: Strikes out swinging
Top of the 9th over - 0 run(s), 0 hit(s), 0 error(s), 0 left on base; Boston 6 - Hendersonville 3
BOTTOM OF THE 9TH
Hendersonville Hitmen batting - Pitching for Boston Rebels : LHP António Alvarado
Pitching: RHP António López
Batting: SHB Tony López 0-0: Ball
1-0: Ball
2-0: Called Strike
2-1: Ball
3-1: Foul Ball, location: 2F
3-2: Base on Balls
Batting: RHB Taylor McFarland 0-0: Ball
1-0: Foul Ball, location: 2F
1-1: SINGLE (Line Drive, 9S)
Tony López to second
Runner from 2nd tries for 3rd, SAFE, throw made to third
Taylor McFarland to second
Pinch Hitting: LHB Jerry Johnston 0-0: Ball
1-0: Foul Ball, location: 2F
1-1: Ball
2-1: Swinging Strike
2-2: Strikes out swinging
Pinch Hitting: SHB David Johnstone 0-0: Foul Ball, location: 2F
0-1: Foul Ball, location: 2F
0-2: Strikes out swinging
Batting: RHB Rafael González 0-0: Foul Ball, location: 2F
0-1: Foul Ball, location: 2F
0-2: Ball
1-2: Foul Ball, location: 2F
1-2: Foul Ball, location: 2F
1-2: Foul Ball, location: 2F
1-2: Ball
2-2: Foul Ball, location: 2F
2-2: Fly out, F6 (Popup, 4MD)
Bottom of the 9th over - 0 run(s), 1 hit(s), 0 error(s), 2 left on base; Boston 6 - Hendersonville 3
This league is powered by Out of the Park Baseball, the baseball management simulation game for PC, Mac and Linux
Saturday, April 9th, 2016 - OOTP Baseball 16.8 Build 38